 Dungeon Crawl Stone Soup version 0.31.0-1-g2c135a0 (webtiles) character file.

Game seed: 14694488967762850715

1720 queze the Summoner (level 8, 0/37 HPs)
             Began as a Felid Summoner on Feb 3, 2024.
             Was a Follower of Kikubaaqudgha.
             Shot with an arrow by a centaur (20 damage)
             ... on level 9 of the Dungeon on Feb 4, 2024.
             The game lasted 00:16:04 (2500 turns).

queze the Summoner (Felid Summoner)                 Turns: 2500, Time: 00:16:04

Health: 0/37       AC:  2    Str: 16    XL:     8   Next: 75%
Magic:  3/13       EV: 18    Int: 22    God:    Kikubaaqudgha [*.....]
Gold:   222        SH:  0    Dex: 16    Spells: 1/13 levels left
                                        Lives:  0   Deaths: 2

rFire   . . .        (weapon unavailable)
rCold   . . .        (shield unavailable)
rNeg    . . .        (body armour unavailable)
rPois   .            (helmet unavailable)
rElec   .            (cloak unavailable)
rCorr   .            (gloves unavailable)
SInv    +            (boots unavailable)
Will    +....        m - amulet of regeneration
Stlth   ++           i - +6 ring of strength
HPRegen 1.06/turn    t - +6 ring of strength
MPRegen 0.13/turn

%: no passive effects
@: very slightly contaminated, inugami summoned
A: very small, claws 1, fangs 3, see invisible, shaggy fur 2, stealthy paws, no
weapons or thrown items, no armour, multi-lived
a: Renounce Religion, Unearth Wretches


You were on level 9 of the Dungeon.
You worshipped Kikubaaqudgha.
Kikubaaqudgha was aware of your devotion.
You visited 2 branches of the dungeon, and saw 10 of its levels.

You collected 222 gold pieces.

Inventory:

Jewellery
 i - a +6 ring of strength (left paw)
 m - an amulet of regeneration (around neck)
 t - a +6 ring of strength (right paw)
Wands
 u - a wand of acid (12)
 v - a wand of mindburst (15)
Scrolls
 b - a scroll of brand weapon {unknown}
 c - a scroll of enchant weapon {unknown}
 d - a scroll of fog
 e - a scroll of noise {unknown}
 g - 3 scrolls of torment {!r}
 j - 3 scrolls of identify
 k - 3 scrolls of teleportation
 o - a scroll of fear {unknown}
 p - a scroll of immolation {unknown}
 r - 2 scrolls of blinking {!r}
Potions
 a - a potion of magic
 f - 5 potions of curing
 h - a potion of degeneration {unknown}
 l - a potion of lignification {unknown}
 n - a potion of mutation {unknown}
 q - a potion of brilliance {unknown}
 s - a potion of invisibility {unknown}
 w - 2 potions of attraction {unknown}
 x - 2 potions of might {unknown}


   Skills:
 + Level 1.1 Fighting
 + Level 3.3 Dodging
 + Level 3.4 Stealth
 - Level 3.0 Spellcasting
 + Level 8.1 Summonings
 - Level 5.0 Fire Magic
 - Level 5.0 Air Magic


You had one spell level left.
You knew the following spells:

 Your Spells              Type           Power      Damage    Failure   Level
a - Summon Small Mammal   Summ           100%       N/A       1%          1
b - Call Canine Familiar  Summ           39%        N/A       1%          3
c - Summon Blazeheart Go  Fire/Summ      32%        N/A       9%          4
d - Summon Lightning Spi  Summ/Air       32%        N/A       9%          4

Your spell library contained the following spells:

 Spells                   Type           Power      Damage    Failure   Level
 Kiss of Death            Conj/Necr      12%        2d6       12%         1
 Call Imp                 Summ           78%        N/A       1%          2
 Cigotuvi's Dreadful Rot  Necr/Alch/Air  20%        N/A       10%         2
 Fugue of the Fallen      Necr           3%         N/A       36%         3
 Vampiric Draining        Necr           3%         2d6       36%         3
 Ignite Poison            Fire/Alch      14%        N/A       41%         4
 Freezing Cloud           Conj/Ice/Air   5%         6-21      87%         5


Dungeon Overview and Level Annotations

Branches:
Dungeon (9/15)             Temple (1/1) D:5
   Lair: D:8-11         Orc: D:9-12

Altars:
Ashenzari
Cheibriados
Fedhas
Gozag
Hepliaklqana
Kikubaaqudgha
Nemelex Xobeh
Okawaru
Qazlal
Ru
Trog
Uskayaw
Vehumet
Wu Jian
Xom
Yredelemnul
Zin

Portals:
Bailey: D:9


Innate Abilities, Weirdness & Mutations

You have sharp claws.
You have razor-sharp teeth.
You have supernaturally acute eyesight. (SInv)
You are covered in thick fur. (AC +2)
Your paws help you pounce on unaware monsters.
You are incapable of wielding weapons or throwing items.
You cannot wear armour.
You gain extra lives every three experience levels.


Message History

Casting: Summon Lightning Spire (quite dangerous; 9% risk of failure)
Confirm with . or Enter, or press ? or * to list all spells.
An electric hum fills the air.
The centaur shoots an arrow.
The arrow completely misses you. The arrow hits your lightning spire!
You now have 9/13 mp.
Unknown command.
Casting: Summon Lightning Spire (quite dangerous; 9% risk of failure)
Confirm with . or Enter, or press ? or * to list all spells.
You miscast Call Canine Familiar.
You are very lightly contaminated with residual magic.
Nothing appears to happen.
The centaur shoots an arrow.
The arrow hits you!
You hear a shout!
You take 14 damage, and have 23/37 hp.
GAME OVER YEAH!!
You now have 6/13 mp.
Unknown command.
The centaur shoots an arrow.
The arrow hits you!
You take 7 damage, and have 16/37 hp.
Danger: Low HP Warning |T2| Reason: 43% HP (16/37)
Casting: Call Canine Familiar (safe; 1% risk of failure)
Confirm with . or Enter, or press ? or * to list all spells.
You call for your canine familiar and it appears with a howl!
The centaur shoots an arrow.
The arrow misses you.
You now have 3/13 mp.
Unknown command.
The centaur shoots an arrow.
The arrow misses you.
You swap places.
What are your orders? t - Meow!
Orders for allies: a - Attack new target. r - Retreat! s - Stop attacking. g - Guard the area. f - Follow me.
Anything else - Cancel.
Gang up on whom?
Press: ? - help, Dir - move target, f - centaur
Aim: a centaur, wielding a +0 orcbow (ally target) Attack!
The centaur shoots an arrow.
The arrow misses your inugami. The arrow closely misses you.
The centaur shoots an arrow.
The arrow barely misses your inugami. The arrow hits you!!
Ouch! That really hurt!
You die...
Kikubaaqudgha rasps: "You have failed me!
Welcome... death!"

.. #.......# ...
#..#....#
....#.......#
............#
#.....######
#.....#....#
#.....+.8.†#
##....#g.g.#
#.##@#..g.# .
#.##.#..).#...
#.##h#g...#...
#..8.c..8.....
####..........
#....8.)...8.#
#......)......
######..............
##........8...∩...8.

Skill      XL: |  1  2  3  4  5  6  7  8 |
---------------+-------------------------+-----
Summonings     | 5 6 7 8 |  8.1
Fire Magic     | 1 2 3 5 |  5.0
Air Magic      | 1 5 |  5.0
Spellcasting   | 3 |  3.0
Fighting       | 1 |  1.1
Dodging        | 3 |  3.3
Stealth        | 3 |  3.4

Notes
Turn   | Place    | Note
-------+----------+-------------------------------------------
     0 | D:1      | queze the Felid Summoner began the quest for the Orb.
     0 | D:1      | Reached XP level 1. HP: 9/9 MP: 4/4
    73 | D:1      | Reached XP level 2. HP: 13/13 MP: 1/6
   425 | D:2      | Reached skill level 5 in Summonings
   454 | D:2      | Reached XP level 3. HP: 16/16 MP: 2/7
   462 | D:2      | Learned a level 3 spell: Call Canine Familiar
   499 | D:3      | Reached XP level 4. HP: 21/21 MP: 3/8
   499 | D:3      | Gained a life (2 lives remaining)
   675 | D:4      | Reached skill level 6 in Summonings
   675 | D:4      | Reached skill level 1 in Fire Magic
   739 | D:4      | Reached XP level 5. HP: 24/24 MP: 2/9
   792 | D:4      | Reached skill level 2 in Fire Magic
   939 | D:4      | Gained mutation: You are covered in thick fur. (AC +2)
                  | [Felid growth]
   939 | D:4      | Reached XP level 6. HP: 28/28 MP: 1/10
  1144 | D:4      | Identified the +2 helmet of the Will of the Gods {+Blink
                  | Stlth+}
  1282 | D:5      | Entered Level 5 of the Dungeon
  1298 | D:5      | Reached skill level 3 in Fire Magic
  1428 | D:5      | Reached skill level 7 in Summonings
  1431 | D:5      | Found a staircase to the Ecumenical Temple.
  1437 | Temple   | Entered the Ecumenical Temple
  1467 | Temple   | Became a worshipper of Kikubaaqudgha
  1611 | D:6      | Reached XP level 7. HP: 27/32 MP: 11/11
  1623 | D:6      | Found a sparkling altar of Nemelex Xobeh.
  1623 | D:6      | Found an opulent altar of Gozag.
  1674 | D:7      | Reached skill level 4 in Fire Magic
  1679 | D:7      | Learned a level 4 spell: Summon Blazeheart Golem
  1846 | D:8      | Reached skill level 8 in Summonings
  1881 | D:8      | Reached skill level 5 in Fire Magic
  1963 | D:8      | Reached skill level 1 in Air Magic
  2006 | D:8      | Reached XP level 8. HP: 36/36 MP: 2/13
  2079 | D:8      | HP: 7/36 [orc wizard/magic dart (4)]
  2085 | D:8      | Reached skill level 3 in Spellcasting
  2085 | D:8      | Reached skill level 2 in Air Magic
  2119 | D:8      | Identified the +8 scimitar of Fortitude {elec, rC+ Int+3
                  | Dex+3}
  2322 | D:8      | Reached skill level 3 in Air Magic
  2322 | D:8      | Killed by an exploding blazeheart core
  2322 | D:8      | Lost a life (1 life remaining)
  2381 | D:9      | Found a flagged portal.
  2399 | D:9      | Reached * piety under Kikubaaqudgha
  2399 | D:9      | Received a gift from Kikubaaqudgha
  2400 | D:9      | Reached skill level 4 in Air Magic
  2401 | D:9      | Reached skill level 5 in Air Magic
  2401 | D:9      | Reached skill level 1 in Fighting
  2401 | D:9      | Reached skill level 3 in Dodging
  2401 | D:9      | Reached skill level 3 in Stealth
  2415 | D:9      | HP: 7/37 [gnoll/+0 spear[a gnoll sergeant] (5)]
  2469 | D:8      | Learned a level 4 spell: Summon Lightning Spire
  2485 | D:9      | HP: 3/37 [gnoll sergeant/+0 trident (13)]
  2486 | D:9      | Slain by a gnoll
  2486 | D:9      | Lost a life (0 lives remaining)
  2500 | D:9      | Shot with an arrow by a centaur

Table legend: (Time is in decaauts)
 A = Elapsed time spent in this place.
 B = Non-inter-level travel time spent in this place.
 C = Inter-level travel time spent in this place.
 D = Time resting spent in this place.
 E = Time spent auto-exploring this place.
 F = Levels seen in this place.
 G = Mean time per level.
                   A        B        C        D        E       F      G
               +--------+--------+--------+--------+--------+-----+--------+
         Total |   2499 |   2231 |    268 |      6 |    874 |  10 |  249.9 |
       Dungeon |   2439 |   2228 |    211 |      6 |    874 |   9 |  271.0 |
        Temple |     59 |      2 |     57 |      0 |      0 |   1 |   59.0 |
               +--------+--------+--------+--------+--------+-----+--------+

Top non-repeatable levels by time:
     D:8: 645 daAuts
     D:4: 640 daAuts
     D:1: 248 daAuts
     D:2: 228 daAuts
     D:5: 171 daAuts
     D:3: 163 daAuts
     D:6: 145 daAuts
     D:7: 122 daAuts
     D:9: 72 daAuts
  Temple: 59 daAuts

Table legend:
 A = Kills in this place as a percentage of kills in the entire game.
 B = Kills by you in this place as a percentage of kills by you in the entire game.
 C = Kills by friends in this place as a percentage of kills by friends in the entire game.
 D = Other kills in this place as a percentage of other kills in the entire game.
 E = Experience gained in this place as a percentage of experience gained in the entire game.
 F = Experience gained in this place divided by the number of levels of this place that you have seen.
                   A       B       C       D       E      F
               +-------+-------+-------+-------+-------+----------------------
         Total | 100.0 | 100.0 | 100.0 |   N/A | 100.0 | 245.8
       Dungeon | 100.0 | 100.0 | 100.0 |   N/A | 100.0 | 273.1
               +-------+-------+-------+-------+-------+----------------------

Action                     |  1- 3 |  4- 6 |  7- 9 || total
---------------------------+-------+-------+-------++-------
  Melee: Unarmed           |    20 |    14 |     9 ||    43
         Bite              |     3 |     1 |     2 ||     6
         Punch             |       |     1 |       ||     1
   Cast: Summon Small Mamm |    27 |     4 |       ||    31
         Call Canine Famil |     1 |    17 |    18 ||    36
         Summon Blazeheart |       |       |     6 ||     6
         Summon Lightning  |       |       |     3 ||     3
    Use: Scroll            |       |     2 |     3 ||     5
 Armour: Skin              |     7 |    16 |    31 ||    54
  Dodge: Dodged            |    22 |    41 |    41 ||   104

Vanquished Creatures
  2 vampire mosquitoes (D:9)
  An orc (D:7)
  A bat (D:2)
  A goblin (D:4)
  A hobgoblin (D:2)
  3 frilled lizards (D:1)
  A kobold (D:1)
10 creatures vanquished.

Vanquished Creatures (collateral kills)
  A steam dragon (D:8)
  A vampire mosquito (D:9)
  A black bear (D:5)
  An orc warrior (D:8)
  A kobold brigand (D:8)
  A scorpion (D:4)
  3 bullfrogs
  3 wights (D:7)
  3 howler monkeys
  2 bombardier beetles (D:4)
  3 orc priests
  2 hounds
  An iguana (D:4)
  2 orc wizards (D:8)
  3 adders
  3 gnolls (D:9)
  A shadow imp (D:7)
  2 dart slugs
  4 ribbon worms
  14 orcs
  2 endoplasms
  4 giant cockroaches
  2 goblins
  8 hobgoblins
  8 jackals
  A ball python (D:1)
  A bat (D:1)
  6 frilled lizards (D:1)
  4 kobolds (D:8)
  6 rats
94 creatures vanquished.

Vanquished Creatures (others)
  3 blazeheart cores
3 creatures vanquished.

Grand Total: 107 creatures vanquished You could see a centaur (ally target), a friendly lightning spire (summoned) and a friendly inugami (summoned).

Levels and vault maps discovered:
D:1:      tarquinn_simple_flora_water_a, layout_loops_cross, hex_medium,
          serial_bayou_pond_d, st_stairs_8, hangedman_feature_mirror,
          nrook_mini_vaults, hangedman_decor_growths, minmay_lizard_king
D:2:      layout_basic, basic_altar
D:3:      layout_basic, grunt_temple_overflow_diamond
D:4:      layout_cave_pools, grunt_ministairs_7, minmay_diced_spiral
D:5:      layout_basic, minmay_temple_entry_proselytizer, minmay_misc_feat_five,
          minmay_hedge_maze
D:6:      layout_loops_ring, grunt_temple_overflow_opulence
D:7:      layout_gridville
D:8:      minmay_evil_eye, layout_loops_ring, uniq_jeremiah
D:9:      layout_stronghold, mainiacjoe_overflow_swirl, enter_bailey_6,
          kennysheep_small_square
Temple:   bh_familiar_temple
